 Dungeon Crawl Stone Soup version 0.13.0-29-gdb529de (webtiles) character file.

8115 KilgoreWolfe the Basher (level 11, -1/65 HPs)
             Began as a Gargoyle Berserker on Nov 15, 2013.
             Was the Champion of Trog.
             Slain by an unseen horror (8 damage)
             ... on Level 10 of the Dungeon.
             The game lasted 01:23:23 (9130 turns).

KilgoreWolfe the Basher (Gargoyle Berserker)        Turns: 9130, Time: 01:23:24

HP  -1/65        AC  0     Str 18      XL: 11   Next: 17%
MP   5/10        EV 24     Int  9      God: Trog [******]
Gold 568         SH  0     Dex 14      Spells:  0 memorised, 10 levels left

Res.Fire  : . . .   See Invis. : .   (weapon currently unavailable)
Res.Cold  : . . .   Warding    : .   T - melded +0 orc plate armour
Life Prot.: + . .   Conserve   : .   L - melded +0 shield
Res.Poison: +       Res.Corr.  : .   p - melded +1 spiked helmet
Res.Elec. : .       Clarity    : .   B - melded +1 cloak {rCorr, Cons}
Sust.Abil.: . .     Spirit.Shd : .   N - melded +0 pair of gloves
Res.Mut.  : .       Stasis     : .   t - melded +2 pair of boots
Res.Rott. : +       Flight     : +   (no amulet)
Saprovore : . . .                    (ring currently unavailable)
                                     d - melded +3 ring of intelligence

@: bat-form (expiring), flying, very quick, somewhat resistant to hostile
enchantments, very stealthy
A: (fangs 0), (talons 0), life protection 1, (electricity resistance), slow
metabolism 1, (unbreathing), petrification resistance, AC +7
a: End Transformation, Burn Spellbooks, Berserk, Trog's Hand, Brothers in Arms,
Renounce Religion


You were on level 10 of the Dungeon.
You worshipped Trog.
Trog was exalted by your worship.
You were not hungry.
You were in bat-form.
You visited 2 branches of the dungeon, and saw 11 of its levels.

You collected 548 gold pieces.

Inventory:

Hand weapons
 a - a +1,+0 mace
 g - a +0,+4 broad axe of freezing
 m - a +2,+4 orcish flail
 y - a +0,+0 quarterstaff
 A - a +1,+5 dagger of electrocution
 C - a +0,+1 orcish hammer
 M - a +3,+1 dwarven sabre
 P - a +0,+2 orcish dagger of venom
 Q - a +2,+3 orcish mace
 R - a +2,+2 falchion of slicing
 S - a -1,+0 orcish flail
 W - a +4,+2 anti-magic mace
Missiles
 e - 5 javelins of returning (quivered)
 i - 20 darts of flame
 l - 33 darts
 o - 29 poisoned needles
 s - 3 steel darts
Armour
 p - a +1 spiked helmet (melded)
 t - a +2 pair of boots (melded)
 z - a +0 cloak
 B - a +1 cloak of preservation (melded)
 G - a +0 scale mail
 L - a +0 shield (melded)
 N - a +0 pair of gloves (melded)
 T - a +0 orcish plate armour (melded)
Magical devices
 b - a wand of frost (17)
 r - a wand of digging (8)
 v - a wand of digging (4)
 D - a wand of disintegration (9)
 I - a wand of digging (6)
 Z - a wand of cold (7) {unknown}
Comestibles
 c - a bread ration
 H - a meat ration
 J - a pear
Scrolls
 f - 3 scrolls of fear
 j - a scroll of fog
 k - 3 scrolls of remove curse
 w - 2 scrolls of magic mapping
 K - 5 scrolls of identify
 O - 2 scrolls of teleportation
Jewellery
 d - a +3 ring of intelligence (melded)
 u - an uncursed amulet of stasis
 V - an uncursed ring of poison resistance {unknown}
Potions
 n - 3 potions of agility
 q - 4 potions of curing
 x - a potion of invisibility
 E - a potion of restore abilities
Books
 h - the Collected Works on Ashen Displacement
   (You found it on level 7 of the Dungeon)

   Spells                             Type                      Level
   Sandblast                          Earth                        1
   Teleport Other                     Translocation                3
   Leda's Liquefaction                Hexes/Earth                  4
   Passage of Golubria                Translocation                4
   Disjunction                        Translocation                8
   Trog disapproves of the use of such an item.
Miscellaneous
 U - a phial of floods (inert)
 X - a plain deck of war {drawn: 4}


   Skills:
 + Level 6.8 Fighting
 * Level 10.0 Maces & Flails
 * Level 4.6 Throwing
 + Level 5.8 Armour
 + Level 7.1 Dodging
 + Level 7.1 Stealth
 + Level 5.8 Shields


You had 10 spell levels left.
You didn't know any spells.

Dungeon Overview and Level Annotations

Branches:
Dungeon (10/27)            Temple (1/1) D:7             Orc (0/4) D:9
   Lair (0/8) D:9

Altars:
Ashenzari
Cheibriados
Sif Muna
Xom
Beogh


Innate Abilities, Weirdness & Mutations

You are resistant to torment.
You are immune to poison.
((Your stone body is very resilient (AC +7).))*
((You have very sharp teeth.))*
((You have razor-sharp toenails.))*
You resist negative energy.
((You are resistant to electric shocks.))*
You have a slow metabolism.
((You can survive without breathing.))*
You are immune to petrification.


Message History

It hits you!
You hit it but do no damage.
Your transformation is almost over.
It hits you. It barely misses you. It hits you!
You hit it but do no damage. It hits you. It hits you! It hits you!
* * * LOW HITPOINT WARNING * * *
You can't do that in your present form.
It hits you.
* * * LOW HITPOINT WARNING * * *
It closely misses you. It misses you. It hits you.
* * * LOW HITPOINT WARNING * * *
There is a stone staircase leading up here.
It hits you!
You die...

###
###.#.#.##.##..###
#.#....#.##....#
#......#.###.#.#
#...##.#.....#.######
#....................
#...##.......#.####.#
#....#######.#.#
#......# #.#.#
#...b#.# #.#.#
#...##.#####.#..
#..........!....
#....####.##.###
#....# . ......#
........# #.####.#..#
.....#


There were no monsters in sight!

Vanquished Creatures
  A hydra (D:8)
  The ghost of mopl the Cleaver, an experienced DDBe of Trog (D:10)
  Joseph (D:8)
  Maurice (D:8)
  Grinder (D:3)
  A two-headed ogre (D:9)
  A wyvern (D:8)
  A hippogriff (D:7)
  Menkaure (D:7)
  5 orc warriors
  4 sky beasts
  A yellow wasp (D:7)
  6 centaurs
  5 ogres
  A phantom (D:5)
  Sigmund (D:3)
  2 giant frogs
  A komodo dragon skeleton (D:10)
  A gnoll sergeant (D:8)
  5 killer bees (D:10)
  A troll zombie (D:8)
  A hippogriff zombie (D:10)
  4 wights (D:7)
  5 hounds
  A goliath beetle (D:8)
  5 crimson imps
  A black bear zombie (D:7)
  Crazy Yiuf (D:3)
  7 orc priests
  A quasit (D:9)
  A giant frog skeleton (D:4)
  A scorpion (D:9)
  11 worker ants
  A gnoll shaman (D:5)
  3 iguanas
  10 orc wizards
  An ogre zombie (D:5)
  Ijyb (D:7)
  A mummy (D:7)
  21 gnolls
  11 adders
  A giant centipede (D:9)
  A giant mite (D:5)
  10 worms
  An adder zombie (D:5)
  2 giant eyeballs
  42 orcs
  3 ball pythons
  A bat zombie (D:5)
  4 giant cockroaches
  9 hobgoblins
  11 kobolds
  3 quokkas
  17 bats
  9 giant geckos
  A giant gecko skeleton (D:7)
  6 giant newts
  9 goblins
  17 rats
  A rat zombie (D:5)
  4 ballistomycetes (D:6)
282 creatures vanquished.

Vanquished Creatures (others)
  A giant spore (D:6)
1 creature vanquished.

Grand Total: 283 creatures vanquished

Notes
Turn   | Place    | Note
--------------------------------------------------------------
     0 | D:1      | KilgoreWolfe, the Gargoyle Berserker, began the quest for the Orb.
     0 | D:1      | Reached XP level 1. HP: 14/14 MP: 0/0
   283 | D:1      | Reached XP level 2. HP: 19/19 MP: 1/1
   397 | D:1      | Acquired Trog's second power
  1080 | D:2      | Reached XP level 3. HP: 24/24 MP: 2/2
  1123 | D:2      | Reached skill level 1 in Stealth
  1272 | D:2      | Reached skill level 4 in Maces & Flails
  1419 | D:2      | Reached XP level 4. HP: 26/28 MP: 3/3
  1690 | D:3      | Noticed Grinder
  1699 | D:3      | Killed Grinder
  1699 | D:3      | Reached skill level 1 in Throwing
  1699 | D:3      | Reached XP level 5. HP: 33/33 MP: 4/4
  1699 | D:3      | Reached XP level 6. HP: 39/39 MP: 5/5
  1894 | D:3      | Noticed Crazy Yiuf
  1901 | D:3      | Killed Crazy Yiuf
  2040 | D:3      | Noticed Sigmund
  2054 | D:3      | Killed Sigmund
  2091 | D:3      | Found a deep blue altar of Sif Muna.
  2318 | D:3      | Reached skill level 5 in Maces & Flails
  2338 | D:3      | Reached XP level 7. HP: 38/44 MP: 6/6
  2581 | D:4      | Acquired Trog's third power
  2748 | D:4      | Found a shattered altar of Ashenzari.
  2820 | D:4      | Reached skill level 5 in Fighting
  3109 | D:4      | Reached skill level 5 in Stealth
  3294 | D:5      | Entered Level 5 of the Dungeon
  3353 | D:5      | Reached XP level 8. HP: 49/49 MP: 7/7
  3432 | D:5      | Reached skill level 1 in Shields
  3467 | D:5      | Paralysed by a potion of paralysis for 4 turns
  4210 | D:5      | Reached skill level 6 in Maces & Flails
  4366 | D:5      | Reached XP level 9. HP: 51/54 MP: 8/8
  4613 | D:6      | Reached skill level 5 in Dodging
  5146 | D:7      | Noticed Ijyb
  5155 | D:7      | Killed Ijyb
  5360 | D:7      | Found a staircase to the Ecumenical Temple.
  5392 | Temple   | Entered the Ecumenical Temple
  5600 | D:7      | Reached skill level 7 in Stealth
  5782 | D:7      | Noticed Menkaure
  5788 | D:7      | Killed Menkaure
  5894 | D:7      | Identified the Collected Works on Ashen Displacement (You found it on level 7 of the Dungeon)
  6077 | D:7      | Reached skill level 8 in Maces & Flails
  6077 | D:7      | Reached XP level 10. HP: 60/60 MP: 9/9
  6185 | D:8      | Noticed a seven-headed hydra
  6188 | D:8      | Noticed Joseph
  6195 | D:8      | Killed a seven-headed hydra
  6207 | D:8      | Killed Joseph
  6576 | D:8      | Reached skill level 5 in Armour
  6646 | D:8      | Received a gift from Trog
  6749 | D:8      | Noticed Maurice
  6904 | D:8      | Killed Maurice
  6912 | D:8      | Identified a +1 cloak of preservation (You took it off Maurice on level 8 of the Dungeon)
  7135 | D:8      | Reached skill level 9 in Maces & Flails
  7214 | D:8      | Reached skill level 5 in Shields
  7774 | D:9      | Found a roughly hewn altar of Beogh.
  7774 | D:9      | Found a staircase to the Orcish Mines.
  7904 | D:9      | Paralysed by a giant eyeball for 3 turns
  8381 | D:9      | Reached XP level 11. HP: 65/65 MP: 10/10
  8426 | D:9      | Found a staircase to the Lair.
  8684 | D:10     | Entered Level 10 of the Dungeon
  8700 | D:10     | Received a gift from Trog
  8802 | D:10     | Noticed mopl's ghost (experienced DDBe)
  8817 | D:10     | Killed mopl's ghost
  8817 | D:10     | Reached skill level 10 in Maces & Flails
  9130 | D:10     | Slain by an unseen horror

Action                   |  1- 3 |  4- 6 |  7- 9 | 10-12 || total
-------------------------+-------+-------+-------+-------++-------
Melee: Mace              |   101 |    75 |   269 |    69 ||   514
       Flail             |       |       |   261 |   324 ||   585
       Unarmed           |       |       |       |     2 ||     2
Throw: Javelin           |     4 |     7 |     5 |     6 ||    22
Invok: Berserk           |       |     3 |    13 |    13 ||    29
Evoke: Wand              |       |       |     1 |     1 ||     2
       Miscellaneous     |       |       |       |     1 ||     1
       Deck              |       |       |       |     4 ||     4
  Use: Scroll            |     7 |       |     9 |     4 ||    20
       Potion            |       |       |    10 |     1 ||    11
 Stab: Sleeping          |       |       |     5 |     1 ||     6
       Distracted        |       |       |     1 |     2 ||     3
